 Dungeon Crawl Stone Soup version 0.21.1-1-g345015f (console) character file.

483 fly the Grave Robber (level 6, -6/49 HPs)
             Began as a Deep Dwarf Necromancer on May 17, 2018.
             Was an Initiate of Makhleb.
             Shot with an arrow by a centaur (9 damage)
             ... on level 5 of the Dungeon.
             The game lasted 00:10:36 (4690 turns).

fly the Grave Robber (Deep Dwarf Necromancer)       Turns: 4690, Time: 00:10:37

Health: -6/49      AC:  5    Str: 13    XL:     6   Next: 88%
Magic:  3/10       EV: 14    Int: 18    God:    Makhleb [......]
Gold:   43         SH:  0    Dex: 13    Spells: 2/11 levels left

rFire    + . .     SeeInvis .   a - +0 war axe
rCold    + . .     Gourm    .   (no shield)
rNeg     . . .     Faith    .   y - +1 robe {rC+ rF+}
rPois    .         Spirit   .   e - +0 helmet
rElec    .         Reflect  .   (no cloak)
rCorr    .         Harm     .   (no gloves)
MR       .....                  o - +0 pair of boots
Stlth    ++........             (no amulet)
HPRegen  0.00/turn              g - +2 ring of strength
MPRegen  0.12/turn              (no ring)

@: very slightly contaminated, non-regenerating
A: damage resistance, heal wounds, sense surroundings 1, no regeneration
a: Heal Wounds, Renounce Religion


You were on level 5 of the Dungeon.
You worshipped Makhleb.
Makhleb was noncommittal.
You were very hungry.

You visited 1 branch of the dungeon, and saw 5 of its levels.

You collected 283 gold pieces.
You spent 240 gold pieces at shops.

Inventory:

Hand Weapons
 a - a +0 war axe (weapon)
Armour
 e - a +0 helmet (worn)
 o - a +0 pair of boots (worn)
 y - a +1 robe of resistance (worn)
Jewellery
 g - a +2 ring of strength (left hand)
Scrolls
 d - 3 scrolls of teleportation
 f - 6 scrolls of identify {unknown}
 i - a scroll of fog {unknown}
 l - 5 scrolls of remove curse {unknown}
 m - 2 scrolls of magic mapping {unknown}
 q - a scroll of blinking {unknown}
 r - a scroll of amnesia {unknown}
 t - a scroll of immolation {unknown}
Potions
 h - 5 potions of curing
 j - a potion of flight {unknown}
 k - 2 potions of cancellation {unknown}
 n - a potion of invisibility {unknown}
 p - 7 potions of heal wounds
 u - a potion of degeneration
 v - a potion of brilliance {unknown}
 w - a potion of agility {unknown}
Books
 b - a book of Necromancy

   Spells                             Type                      Level
   a - Pain                           Necromancy                   1
   b - Animate Skeleton               Necromancy                   1
   c - Vampiric Draining              Necromancy                   3
   d - Regeneration                   Charms/Necromancy            3
   e - Animate Dead                   Necromancy                   4
   f - Borgnjor's Vile Clutch         Necromancy/Earth             5
Comestibles
 c - 6 rations


   Skills:
 + Level 4.6 Axes
 - Level 4.0 Dodging
 - Level 2.4 Stealth
 - Level 3.0 Spellcasting
 - Level 6.0 Necromancy


You had 2 spell levels left.
You knew the following spells:

 Your Spells              Type           Power        Failure   Level  Hunger
c - Borgnjor's Vile Clut  Necr/Erth      ##........   78%         5    ######.
v - Vampiric Draining     Necr           ###.......   4%          3    ###....
z - Pain                  Necr           ###.         1%          1    None


Dungeon Overview and Level Annotations

Branches:
Dungeon (5/15)
 Temple: D:4-7

Altars:
Cheibriados
Hepliaklqana
Makhleb
Ru
Vehumet
Zin

Shops:
D:4 !   D:5 (

Annotations:
D:5 Grinder


Innate Abilities, Weirdness & Mutations

You are resistant to damage.
You can heal yourself by infusing magical energy.
You passively map a small area around you.
You do not regenerate.


Message History

Confirm with . or Enter, or press ? or * to list all spells.
Aiming: Vampiric Draining
Press: ? - help, Shift-Dir - straight line, f/p - ogre
Aim: an ogre, wielding a giant club (severely wounded)
You miscast Vampiric Draining.
You are very lightly contaminated with residual magic.
You feel very uncomfortable.
Casting: Vampiric Draining
Confirm with . or Enter, or press ? or * to list all spells.
Okay, then.
A centaur comes into view.
The centaur shouts!
The centaur wields a shortbow.
The centaur shoots an arrow.
The arrow hits you.
* * * LOW HITPOINT WARNING * * *
You see here an arrow.
The centaur shoots an arrow.
The arrow hits you!
* * * LOW HITPOINT WARNING * * *
You see here an arrow.
The centaur shoots an arrow.
The arrow hits you!
You die...

.....##.######...)<......#
.....##........#####.#####
.....##.###.#.## #.#######
........#...#.### #.......#
........#.##∩.∩.####.......#
.....#....##...............#
######......∩.∩..###.......#
* ##.....####.....[...### #
, #..##.....@#...##### ..
.................#
##,,##.#....c...O..#.# # * .
#........(..#.#
.##...###.....#.# *
....#.#......(..#
##......##......# ,
#....###.......#
#.....#.......#


You could see an ogre and a centaur.

Vanquished Creatures
  An ogre (D:4)
  A howler monkey (D:4)
  2 crimson imps
  An orc priest (D:5)
  A bullfrog skeleton (D:4)
  An orc wizard (D:3)
  A worker ant (D:5)
  Robin (D:3)
  4 adders
  2 oozes
  An adder zombie (D:5)
  An adder skeleton (D:4)
  3 worms
  4 dart slugs
  2 leopard geckos
  12 orcs
  A ball python (D:4)
  3 giant cockroaches
  15 goblins
  12 hobgoblins
  2 jackals
  6 kobolds
  4 quokkas
  4 bats
  9 frilled lizards
  3 rats (D:1)
97 creatures vanquished.

Notes
Turn   | Place    | Note
-------+----------+-------------------------------------------
     0 | D:1      | fly the Deep Dwarf Necromancer began the quest for the Orb.
     0 | D:1      | Reached XP level 1. HP: 15/15 MP: 3/3
   172 | D:1      | Reached XP level 2. HP: 22/22 MP: 0/5
   640 | D:1      | Reached skill level 5 in Necromancy
   640 | D:1      | Reached XP level 3. HP: 12/28 MP: 0/6
   830 | D:2      | Learned a level 3 spell: Vampiric Draining
  1452 | D:2      | Reached XP level 4. HP: 13/36 MP: 8/8
  1705 | D:3      | Noticed Robin
  2124 | D:3      | Found a snail-covered altar of Cheibriados.
  2131 | D:3      | Reached skill level 6 in Necromancy
  2252 | D:3      | Reached XP level 5. HP: 41/42 MP: 5/9
  2331 | D:3      | Reached skill level 1 in Axes
  2352 | D:3      | Killed Robin
  2464 | D:3      | Found a glowing silver altar of Zin.
  2466 | D:3      | Noticed an angel
  2589 | D:3      | Found a burning altar of Makhleb.
  2589 | D:3      | Noticed a cacodemon
  2751 | D:3      | Found a hazy altar of Hepliaklqana.
  2832 | D:3      | Found a burning altar of Makhleb.
  2832 | D:3      | Found a radiant altar of Vehumet.
  2840 | D:3      | Became a worshipper of Makhleb the Destroyer
  3321 | D:4      | Noticed an ogre
  3569 | D:4      | Found a sacrificial altar of Ru.
  3830 | D:4      | Reached XP level 6. HP: 24/49 MP: 0/10
  4006 | D:4      | Found Livaug's Distillery.
  4028 | D:4      | Bought a potion of curing for 36 gold pieces
  4028 | D:4      | Bought a potion of degeneration for 12 gold pieces
  4028 | D:4      | Bought a potion of heal wounds for 60 gold pieces
  4028 | D:4      | Bought a potion of curing for 36 gold pieces
  4028 | D:4      | Bought a potion of heal wounds for 60 gold pieces
  4028 | D:4      | Bought a potion of curing for 36 gold pieces
  4223 | D:5      | Entered Level 5 of the Dungeon
  4288 | D:5      | Found Beggauk's Weapon Shoppe.
  4459 | D:5      | Noticed Grinder
  4523 | D:4      | Learned a level 5 spell: Borgnjor's Vile Clutch
  4690 | D:5      | Shot with an arrow by a centaur

Skill      XL: |  1  2  3  4  5  6 |
---------------+-------------------+-----
Spellcasting   | 2 3 |  3.0
Necromancy     | 5 6 |  6.0
Axes           | 3 4 |  4.6
Dodging        | 3 4 |  4.0
Stealth        | |  2.4

Action                   |  1- 3 |  4- 6 || total
-------------------------+-------+-------++-------
Melee: Hand axe          |    41 |   301 ||   342
       Unarmed           |     3 |       ||     3
       War axe           |       |    55 ||    55
 Cast: Pain              |    46 |    21 ||    67
       Vampiric Draining |     8 |    51 ||    59
  Use: Scroll            |       |     1 ||     1
 Stab: Sleeping          |     3 |     4 ||     7
  Eat: Chunk             |     1 |    14 ||    15
       Ration            |       |     1 ||     1
Armor: Robe              |    10 |   118 ||   128
Dodge: Dodged            |    35 |   272 ||   307
